AoeStats
← Le_Web

Nomad

510095542Analyzed
2v2 RM · 2d ago on Sep 29, 2026· 49m 18s· 4 players
Game mode
Random Map
Map size
176×176
Population
200
Speed
Normal
Resources
Standard
Victory
Conquest
Starting age
Dark Age
Ending age
Imperial Age
RankedLock teamsTeams togetherTeam positionsShared explorationLock speedFull tech treeHidden civsTurbo modeCheats
Victory
Defeat
🇭🇰 Danes · Hong Kong SAR China
860
+14
🇨🇳 Japanese · China
844
+15
🇫🇷 Burgundians · France
844
-16
🇫🇷 Persians · France
784
-13
Le_Web
13:05 Feudal Age
13:23 Fishing Lines
13:31 Double-Bit Axe
15:46 Wheelbarrow
16:09 Gold Mining
21:06 Castle Age
19:08 Man-at-Arms
19:49 Town Watch
20:33 Scale Mail Armor
22:41 Bow Saw
25:14 Hand Cart
24:41 Horse Collar
25:00 Long Swordsman
26:27 Gillnets
26:46 Husbandry
27:54 Gambesons
28:18 Scale Barding Armor
28:56 Heavy Plow
30:54 Forging
30:59 Chain Mail Armor
31:04 Chain Barding Armor
30:45 Padded Archer Armor
31:48 Town Patrol
32:10 Chain Barding Armor
32:43 Stone Mining
33:35 Squires
33:53 Bloodlines
34:32 Light Cavalry
37:32 Kamandaran
38:22 Crossbowman
39:07 Thumb Ring
45:38 Imperial Age
45:18 Capped Ram
Cailloux
15:25 Feudal Age
13:53 Double-Bit Axe
15:29 Horse Collar
16:33 Bow Saw
16:25 Heavy Plow
16:26 Fishing Lines
19:05 Wheelbarrow
18:45 Gillnets
21:54 Hand Cart
22:01 Gold Mining
22:04 Stone Mining
27:27 Castle Age
28:10 Husbandry
27:31 Light Cavalry
27:36 Cavalier
30:20 Forging
30:15 Scale Barding Armor
31:55 Squires
37:41 Stone Shaft Mining
37:25 Town Watch
41:07 Gold Shaft Mining
732436706
14:33 Feudal Age
13:24 Loom
15:07 Double-Bit Axe
16:09 Arson
15:45 Man-at-Arms
16:09 Fishing Lines
26:27 Castle Age
25:01 Gold Mining
25:04 Stone Mining
25:55 Scale Mail Armor
26:06 Forging
27:08 Gillnets
27:19 Squires
27:05 Gambesons
27:04 Long Swordsman
27:52 Pikeman
31:41 Murder Holes
37:37 Bow Saw
38:39 Chain Mail Armor
42:14 Gold Shaft Mining
42:16 Stone Shaft Mining
44:30 Ballistics
44:55 Wheelbarrow
49:41 Imperial Age
47:28 Hand Cart
46:41 Hamask
49:01 Iron Casting
ctgu_lishengfei
6:08 Loom
14:29 Feudal Age
15:36 Fishing Lines
16:40 Double-Bit Axe
20:08 Castle Age
18:27 Scale Mail Armor
18:25 Man-at-Arms
20:23 Forging
20:12 Pikeman
20:52 Squires
21:05 Long Swordsman
22:50 Bow Saw
25:27 Gold Mining
26:45 Crossbowman
28:08 Stone Mining
28:49 Gillnets
29:50 Wheelbarrow
31:13 Thumb Ring
32:21 Padded Archer Armor
32:11 Fletching
32:55 Hand Cart
33:54 Murder Holes
33:40 Treadmill Crane
37:19 Imperial Age
35:39 Husbandry
35:49 Bloodlines
35:59 Leather Archer Armor
35:54 Gambesons
37:36 Bodkin Arrow
38:05 Ballistics
37:56 Masonry
38:07 Halberdier
40:02 Cavalier
42:03 Elite Skirmisher
43:46 Chain Mail Armor
44:02 Ring Archer Armor
44:04 Scale Barding Armor
44:57 Iron Casting
46:03 Plate Mail Armor
46:59 Chain Barding Armor
49:09 Yasama
50:35 Blast Furnace
49:36 Bracer
49:11 Light Cavalry
Connection lost

Rejoining the realm…

Still unreachable

The connection could not be restored.

Session expired

The server has moved on; the page needs a fresh start.